 Dungeon Crawl Stone Soup version 0.23.1 (webtiles) character file.

Game seed: 17014989660949263945

61 Kniotic the Insei (level 3, 0/29 HPs)
             Began as a Demonspawn Monk on Mar 2, 2019.
             Slain by an orc
             ... wielding a +0 trident
              (4 damage)
             ... on level 3 of the Dungeon.
             The game lasted 00:01:47 (2461 turns).

Kniotic the Insei (Demonspawn Monk)                 Turns: 2461, Time: 00:01:48

Health: 0/29       AC:  4    Str: 11    XL:     3   Next: 83%
Magic:  3/3        EV: 13    Int: 11    God:
Gold:   223        SH:  0    Dex: 16    Spells: 2/2 levels left

rFire    . . .     SeeInvis .     - Unarmed
rCold    . . .     Gourm    .   (no shield)
rNeg     . . .     Faith    .   a - +0 robe
rPois    .         Spirit   .   (no helmet)
rElec    .         Reflect  .   (no cloak)
rCorr    .         Harm     .   (no gloves)
MR       .....                  (no boots)
Stlth    ++........             (no amulet)
HPRegen  0.09/turn              (no ring)
MPRegen  0.08/turn              (no ring)

@: no status effects
A: iridescent scales 1, demonic guardian 1
a: no special abilities


You were on level 3 of the Dungeon.
You were not hungry.

You visited 1 branch of the dungeon, and saw 3 of its levels.

You collected 223 gold pieces.

Inventory:

Armour
 a - a +0 robe (worn)
Scrolls
 c - a scroll of blinking {unknown}
 d - 9 scrolls of identify {unknown}
 e - 2 scrolls of teleportation {unknown}
 g - 3 scrolls of remove curse {unknown}
 j - a scroll of magic mapping {unknown}
 k - a scroll of enchant armour {unknown}
Potions
 f - a potion of mutation {unknown}
 h - a potion of might {unknown}
 i - a potion of curing {unknown}
 l - a potion of lignification {unknown}
Comestibles
 b - 8 rations


   Skills:
 - Level 3.0 Fighting
 - Level 2.6 Dodging
 - Level 1.7 Stealth
 + Level 4.4 Unarmed Combat


You had 2 spell levels left.
You didn't know any spells.
Your spell library contained the following spells:

 Spells                   Type           Power        Failure   Level  Hunger
 Confusing Touch          Hex            #.....       34%         1    ##.....
 Confuse                  Hex            #.......     71%         3    ####...
 Gell's Gravitas          Tloc           #.........   71%         3    ####...
 Petrify                  Tmut/Erth      #.......     98%         4    #####..
 Metabolic Englaciation   Hex/Ice        #.........   100%        5    ######.
 Yara's Violent Unravell  Hex/Tmut       #.........   100%        5    ######.


Dungeon Overview and Level Annotations

Branches:
Dungeon (3/15)

Altars:
Vehumet


Innate Abilities, Weirdness & Mutations

You are partially covered in iridescent scales. (AC +2)
A weak demonic guardian rushes to your aid.


Message History

The orc closely misses you.
Something hits your iron imp but does no damage.
The orc sings a few bars from the Orcish anthem.
The orc hits you but does no damage.
The orc hits your iron imp but does no damage.
The orc misses you.
The orc wizard looks encouraged for a moment.
The orc hits you but does no damage.
Your iron imp disappears in a puff of smoke!
The orc misses you.
The orc wizard mumbles some strange words.
The orc wizard seems to speed up.
The orc hits you from afar with a +0 trident.
* * * LOW HITPOINT WARNING * * *
Your shadow imp hits the orc but does no damage.
The orc barely misses you.
Your shadow imp hits the orc.
The orc barely misses you.
Your shadow imp hits the orc but does no damage.
The orc hits you from afar with a +0 trident.
You die...

#..........°_.○#
#...#'#.#..°.○.#
#.#.#.#+##.....#
#.#.#........##
#.#.#........#
#.#.#........+
#.#......<...#
###5###........#
#oo5@..........#
#.#.......######
#.############ #o#
#.......# ###### #.#
#.......# #.....
#.####o......###.....
#....5o........'.....
######.......###.....
#.......# #.....


You could see an orc wizard, an orc, a friendly shadow imp and a friendly
ufetubus.

Vanquished Creatures
  4 dart slugs (D:1)
  A leopard gecko (D:2)
  2 orcs (D:3)
  5 bats
  A bat zombie (D:1)
  2 giant cockroaches
  4 goblins
  3 hobgoblins (D:1)
  7 jackals
  7 kobolds
  A quokka (D:3)
  A ball python (D:2)
  3 frilled lizards
  A leopard gecko zombie (D:1)
  2 rats (D:1)
44 creatures vanquished.

Vanquished Creatures (others)
  A giant cockroach (D:3)
1 creature vanquished.

Grand Total: 45 creatures vanquished

Notes
Turn   | Place    | Note
-------+----------+-------------------------------------------
     0 | D:1      | Kniotic the Demonspawn Monk began the quest for the Orb.
     0 | D:1      | Reached XP level 1. HP: 18/18 MP: 1/1
   342 | D:1      | Reached skill level 3 in Unarmed Combat
   353 | D:1      | Gained mutation: A weak demonic guardian rushes to your
                  | aid. [demonic ancestry]
   353 | D:1      | Reached XP level 2. HP: 19/24 MP: 2/2
  1058 | D:1      | Gained mutation: You are partially covered in iridescent
                  | scales. (AC +2) [demonic ancestry]
  1058 | D:1      | Reached XP level 3. HP: 23/29 MP: 3/3
  1593 | D:2      | Reached skill level 4 in Unarmed Combat
  2147 | D:3      | Found a radiant altar of Vehumet.
  2461 | D:3      | Slain by an orc

Skill      XL: |  1  2  3 |
---------------+----------+-----
Unarmed Combat | 3 4 |  4.4
Fighting       | |  3.0
Dodging        | |  2.6
Stealth        | |  1.7

Action                   || total
-------------------------++-------
Melee: Unarmed           ||   210
       Punch             ||     3
 Stab: Sleeping          ||     2
  Eat: Chunk             ||     5
Armor: Robe              ||    57
Dodge: Dodged            ||   196
